 Dungeon Crawl Stone Soup version 0.28.0-45-g0d030f2227 (webtiles) character file.

Game seed: 18432966533230673125

38 issech the Cudgeller (level 3, -2/36 HPs)
             Began as a Troll Monk on Apr 15, 2022.
             Succumbed to Sigmund's poison
             ... on level 2 of the Dungeon.
             The game lasted 00:03:26 (934 turns).

issech the Cudgeller (Troll Monk)                    Turns: 934, Time: 00:03:27

Health: -2/36      AC:  4    Str: 19    XL:     3   Next: 25%
Magic:  2/2        EV: 10    Int:  6    God:
Gold:   54         SH:  0    Dex: 14    Spells: 2/2 levels left

rFire   . . .      SeeInvis .   a - +0 mace
rCold   . . .      Faith    .   (no shield)
rNeg    . . .      Spirit   .   b - +0 robe
rPois   .          Reflect  .   (helmet restricted)
rElec   .          Harm     .   (no cloak)
rCorr   .          Rampage  .   (gloves unavailable)
Will    .....                   (boots unavailable)
Stlth   ++........              (no amulet)
HPRegen 0.92/turn               e - ring of wizardry
MPRegen 0.08/turn               (no ring)

@: lethally poisoned (-2 -> -22)
A: large, unfitting armour, claws 3, regeneration 1, shaggy fur 1, tough skin 1
a: no special abilities


You were on level 2 of the Dungeon.
You visited 1 branch of the dungeon, and saw 2 of its levels.

You collected 54 gold pieces.

Inventory:

Hand Weapons
 a - a +0 mace (weapon)
Missiles
 g - 21 stones (quivered)
Armour
 b - a +0 robe (worn)
Jewellery
 e - a ring of wizardry (left claw)
Scrolls
 c - a scroll of fear {unknown}
 d - a scroll of teleportation {unknown}
 f - a scroll of blinking {unknown}
 h - a scroll of amnesia {unknown}
Potions
 i - a potion of curing {unknown}


   Skills:
 + Level 2.8 Fighting
 + Level 3.2 Maces & Flails
 + Level 2.7 Dodging
 + Level 1.1 Stealth


You had 2 spell levels left.
You didn't know any spells.
Your spell library contained the following spells:

 Spells                   Type           Power      Damage    Failure   Level
 Corpse Rot               Necr/Air       0%         N/A       28%         2
 Poisonous Vapours        Pois/Air       0%         N/A       28%         2
 Call Canine Familiar     Summ           0%         N/A       50%         3
 Portal Projectile        Hex/Tloc       0%         N/A       50%         3
 Leda's Liquefaction      Hex/Erth       0%         N/A       86%         4


Dungeon Overview and Level Annotations

Branches:
Dungeon (2/15)

Altars:

Annotations:
D:2 Sigmund


Innate Abilities, Weirdness & Mutations

You are too large for most types of armour.
You have claws for hands.
Your natural rate of healing is unusually fast.
You are covered in fur. (AC +1)
You have tough skin. (AC +1)


Message History

There is a stone staircase leading up here.
i - a ruby potion A ball python and a frilled lizard come into view.
Found a scroll labelled BIORCH SIHO.
You miss the frilled lizard. The frilled lizard bites you.
You completely miss the frilled lizard.
The ball python bites you but does no damage.
The frilled lizard bites you. The ball python misses you.
The frilled lizard bites you.
Sigmund the Dreaded comes into view.
He is wielding a +2 scythe of venom.
Sigmund shouts!
Sigmund mumbles some strange words.
Sigmund flickers and vanishes!
Deactivating autopickup; reactivate with Ctrl-A.
You thump the ball python!
You kill the ball python!
The frilled lizard bites you but does no damage.
You barely miss the frilled lizard.
A frilled lizard comes into view.
The frilled lizard bites you but does no damage.
The frilled lizard hisses angrily.
You hit the frilled lizard.
You kill the frilled lizard!
The frilled lizard hisses.
You hit the frilled lizard.
You kill the frilled lizard!
You hear some strange, mumbled words.
A puff of flame appears from out of thin air!
The puff of flame hits you.
You hear some strange, mumbled words.
Something tries to affect you, but you resist.
You hit something. Something hits you!
You are poisoned.
You hit something.
You feel very sick. Something hits you!
* * * LOW HITPOINT WARNING * * *
You are lethally poisoned!
You hit something but do no damage.
You die...

# #. # .###.####
.##
........###...###
#.....@{...?..
####.###..####
#.# .# #.# # #.#
#.# #### #.# ...
#.# #.#
#.#######.##


There were no monsters in sight!

Vanquished Creatures
  5 bats (D:1)
  4 endoplasms (D:1)
  3 giant cockroaches (D:1)
  4 goblins (D:1)
  3 hobgoblins (D:1)
  A kobold (D:1)
  2 quokkas (D:1)
  6 ball pythons
  3 frilled lizards
  4 rats
35 creatures vanquished.

Notes
Turn   | Place    | Note
-------+----------+-------------------------------------------
     0 | D:1      | issech the Troll Monk began the quest for the Orb.
     0 | D:1      | Reached XP level 1. HP: 22/22 MP: 0/0
   149 | D:1      | Reached XP level 2. HP: 29/29 MP: 1/1
   190 | D:1      | Reached skill level 3 in Maces & Flails
   452 | D:1      | Found a faded altar of an unknown god.
   752 | D:1      | Reached XP level 3. HP: 36/36 MP: 2/2
   924 | D:2      | Noticed Sigmund
   934 | D:2      | Succumbed to Sigmund's poison

Illustrated notes

Levels and vault maps discovered:
D:1:      dpeg_arrival_rooms_a, layout_loops_ring,
          shapermc_ecumenical_altar_totnotflames, minmay_misc_feat_four_crosses,
          grunt_decor_resistance
D:2:      layout_loops_ring, minmay_split_cup_small, uniq_natasha, uniq_sigmund

Skill      XL: |  1  2 |
---------------+-------+-----
Maces & Flails | 3 |  3.2
Fighting       | |  2.8
Dodging        | |  2.7
Stealth        | |  1.1

Action                   || total
-------------------------++-------
Melee: Mace              ||    79
       Punch             ||     2
Throw: Stone             ||     1
 Stab: Sleeping          ||     1
Armor: Robe              ||    26
Dodge: Dodged            ||    37
